 Dungeon Crawl Stone Soup version 0.18.1-6-gd335043 (webtiles) character file.

52 mistymad the Skirmisher (level 3, 0/24 HPs)
             Began as a Gargoyle Fighter on May 20, 2016.
             Slain by Crazy Yiuf
             ... wielding a +2 quarterstaff of chaos
              (1 damage)
             ... on level 2 of the Dungeon.
             The game lasted 00:03:15 (1333 turns).

mistymad the Skirmisher (Gargoyle Fighter)          Turns: 1333, Time: 00:03:15

Health: 0/24       AC: 11    Str: 19    XL:     3   Next: 85%
Magic:  3/3        EV:  7    Int:  8    God:
Gold:   20         SH:  9    Dex: 10    Spells: 0 memorised, 2 levels left

rFire  . . .     SeeInvis .     l - +0 whip
rCold  . . .     Gourm    .     b - +0 scale mail
rNeg   + . .     Faith    .     c - +0 shield
rPois  ∞         Spirit   .     (no helmet)
rElec  +         Dismiss  .     (no cloak)
rCorr  .         Reflect  .     (no gloves)
SustAt .         Harm     .     i - +0 pair of boots
MR     .....                    (no amulet)
Stlth  ..........               (no ring)
                                (no ring)

@: not resistant to hostile enchantments, extremely unstealthy
A: negative energy resistance 1, electricity resistance, unbreathing,
petrification resistance, rot immunity, AC +3
a: no special abilities


You were on level 2 of the Dungeon.
You were not hungry.

You visited 1 branch of the dungeon, and saw 2 of its levels.

You collected 20 gold pieces.

Inventory:

Hand Weapons
 a - a +0 flail
 l - a +0 whip (weapon)
Armour
 b - a +0 scale mail (worn)
 c - a +0 shield (worn)
 i - a +0 pair of boots (worn)
Scrolls
 k - a scroll of fog {unknown}
 m - a scroll of amnesia {unknown}
Potions
 d - a potion of might
 e - a potion of haste {unknown}
 h - a potion of heal wounds {unknown}
 n - a potion of lignification {unknown}
Comestibles
 f - 2 bread rations
 g - a meat ration
 j - 3 chunks of flesh


   Skills:
 + Level 3.8 Fighting
 + Level 2.5 Maces & Flails
 + Level 3.7 Armour
 + Level 0.8 Dodging
 + Level 3.5 Shields


You had 2 spell levels left.
You didn't know any spells.

Dungeon Overview and Level Annotations

Branches:
Dungeon (2/15)

Altars:
Cheibriados
Makhleb
Vehumet
Yredelemnul
The Shining One

Annotations:
D:2 Crazy Yiuf


Innate Abilities, Weirdness & Mutations

You are resistant to torment.
Your stone body is resilient (AC +3).
You are immune to poison.
You resist negative energy.
You are resistant to electric shocks.
You can survive without breathing.
You are immune to petrification.
You are immune to rotting.


Message History

Crazy Yiuf is severely wounded.
Crazy Yiuf hits you with a quarterstaff of chaos.
* * * LOW HITPOINT WARNING * * *
Crazy Yiuf burns you.
* * * LOW HITPOINT WARNING * * *
You hit Crazy Yiuf.
Crazy Yiuf is severely wounded.
You block Crazy Yiuf's attack.
You hit Crazy Yiuf.
Crazy Yiuf is almost dead.
You barely miss Crazy Yiuf.
Crazy Yiuf is almost dead.
Crazy Yiuf cries, "Orb head high!"
Crazy Yiuf closely misses you.
Your shield and scale mail prevent you from hitting Crazy Yiuf.
Crazy Yiuf is almost dead.
Crazy Yiuf hits you with a quarterstaff of chaos.
* * * LOW HITPOINT WARNING * * *
Crazy Yiuf burns you.
You die...

.........##
#.......##
.....:...#
######..#
.........#
..#
..#......#
##### ##
..##.....#
#..)#
...#.....#
#...#
#..##....#
...
##..#....#
#g#
##..#....###
##@#
#..##......#
#.##
...#..####.#
##.# ..##..#
#.# #.##
..#..## #.#
##.## ....##
#.# #...##
.#### #.#
#....# ##
#.# #....#
#.###....#


You could see Crazy Yiuf.

Vanquished Creatures
  Ijyb (D:2)
  A dart slug (D:1)
  2 ball pythons (D:1)
  4 goblins
  A hobgoblin (D:1)
  4 jackals (D:2)
  3 kobolds (D:1)
  2 bats (D:1)
  2 giant newts
  5 rats
25 creatures vanquished.

Notes
Turn   | Place    | Note
--------------------------------------------------------------
     0 | D:1      | mistymad the Gargoyle Fighter began the quest for the Orb.
     0 | D:1      | Reached XP level 1. HP: 14/14 MP: 1/1
   329 | D:1      | Reached XP level 2. HP: 18/19 MP: 2/2
   935 | D:2      | Found a radiant altar of Vehumet.
   935 | D:2      | Found a glowing golden altar of the Shining One.
  1065 | D:2      | Found a burning altar of Makhleb.
  1132 | D:2      | Found a snail-covered altar of Cheibriados.
  1146 | D:2      | Found a basalt altar of Yredelemnul.
  1160 | D:2      | Reached XP level 3. HP: 23/23 MP: 3/3
  1203 | D:2      | Noticed Ijyb
  1246 | D:2      | Killed Ijyb
  1323 | D:2      | Noticed Crazy Yiuf
  1333 | D:2      | HP: 1/24 [Crazy Yiuf/quarterstaff of chaos (2)]
  1333 | D:2      | Slain by Crazy Yiuf

Action                   || total
-------------------------++-------
Melee: Flail             ||    41
       Whip              ||   109
  Eat: Chunk             ||     2
Armor: Scale mail        ||    70
Dodge: Dodged            ||    35
Block: Shield            ||    60
